AoeStats
← LVH.TGGO

Arabia

510856178Analyzed
2v2 RM · 21h ago on Oct 2, 2026· 9m 38s· 4 players
Game mode
Random Map
Map size
Medium (4 player)
Population
200
Speed
Normal
Resources
Standard
Victory
Conquest
Starting age
Dark Age
Ending age
Imperial Age
RankedLock teamsTeams togetherTeam positionsShared explorationLock speedFull tech treeHidden civsTurbo modeCheats
Victory
Defeat
🇦🇷 Maya · Argentina
1344
+12
🇦🇷 Varangians · Argentina
1302
+14
🇩🇪 Khmer · Germany
1289
-14
🇩🇪 Koreans · Germany
1239
-12
LVH.TGGO
0:29 Loom
8:58 Feudal Age
9:28 Double-Bit Axe
LVH.LaeB
6:08 Loom
8:43 Feudal Age
Jackow
6:52 Loom
8:40 Feudal Age
6:58 Loom
9:16 Double-Bit Axe
Hardrada_1066
7:27 Loom
Connection lost

Rejoining the realm…

Still unreachable

The connection could not be restored.

Session expired

The server has moved on; the page needs a fresh start.